 Dungeon Crawl Stone Soup version 0.24.0-125-gc4c63601f3 (webtiles) character file.

Game seed: 7984829384055825102, levelgen mode: deterministic

5000 Lemonice the Geomancer (level 10, -3/56 HPs)
             Began as an Octopode Earth Elementalist on Feb 25, 2020.
             Was a Believer of Sif Muna.
             Slain by a two-headed ogre
             ... wielding a +0 giant club
              (9 damage)
             ... on level 8 of the Dungeon.
             The game lasted 00:45:55 (12910 turns).

Lemonice the Geomancer (OpEE)                      Turns: 12910, Time: 00:45:56

Health: -3/56      AC:  1    Str:  7    XL:     10   Next: 54%
Magic:  10/23      EV: 13    Int: 21    God:    Sif Muna [**....]
Gold:   571        SH:  0    Dex: 13    Spells: 17/28 levels left

rFire    . . .     SeeInvis .   f - +3 dagger
rCold    . . .     Gourm    .   (no shield)
rNeg     + . .     Faith    .   (helmet restricted)
rPois    .         Spirit   .   H - amulet of the acrobat
rElec    .         Reflect  .   h - ring of positive energy
rCorr    +         Harm     .   v - ring of resist corrosion
MR       +....                  (no ring)
Stlth    +++.......             z - ring of protection from magic
HPRegen  0.18/turn              (no ring)
MPRegen  0.18/turn              (no ring)
                                (no ring)
                                (no ring)

@: no status effects
A: almost no armour, stealthy swim, amphibious, 8 rings, constrict 8, camouflage
1, gelatinous body 1
a: Channel Magic, Renounce Religion


You were on level 8 of the Dungeon.
You worshipped Sif Muna.
Sif Muna was pleased with you.
You were not hungry.

You visited 2 branches of the dungeon, and saw 9 of its levels.
You also visited: Ossuary.

You collected 571 gold pieces.

Inventory:

Hand Weapons
 f - a +3 dagger (weapon)
Missiles
 b - 61 stones (quivered)
 E - 43 poisoned darts
Jewellery
 h - a ring of positive energy (left tentacle)
 v - a ring of resist corrosion (right tentacle)
 y - an uncursed ring of ice
 z - a ring of protection from magic (on tentacle)
 B - an uncursed ring of fire
 H - an amulet of the acrobat (around mantle)
Wands
 m - a wand of random effects (37)
 A - a wand of paralysis (8)
 G - a wand of acid (9)
 K - a wand of iceblast (9)
Scrolls
 g - 2 scrolls of remove curse {unknown}
 i - 2 scrolls of blinking {unknown}
 j - 4 scrolls of teleportation {unknown}
 k - a scroll of fog {unknown}
 p - 8 scrolls of amnesia {unknown}
 s - a scroll of magic mapping {unknown}
 t - 2 scrolls of noise {unknown}
 u - a scroll of fear {unknown}
 w - a scroll of enchant weapon {unknown}
 D - 2 scrolls of random uselessness {unknown}
 F - a scroll of identify
 I - 2 scrolls of vulnerability {unknown}
Potions
 a - a potion of magic
 d - 2 potions of invisibility
 e - 3 potions of heal wounds
 l - a potion of brilliance
 n - 3 potions of curing
 o - a potion of berserk rage
 q - a potion of resistance
 r - 2 potions of ambrosia
 x - 2 potions of lignification
 C - 3 potions of mutation
 J - a potion of might {unknown}
Comestibles
 c - 18 rations
 L - 3 chunks of flesh


   Skills:
 - Level 2.0 Dodging
 - Level 2.6 Stealth
 - Level 9.6 Spellcasting
 * Level 3.3 Conjurations
 - Level 1.0 Transmutations
 + Level 10.8 Earth Magic
 + Level 2.7 Poison Magic


You had 17 spell levels left.
You knew the following spells:

 Your Spells              Type           Power        Failure   Level  Hunger
a - Sandblast             Erth           ######       1%          1    None
b - Stone Arrow           Conj/Erth      #####.       1%          3    None
c - Petrify               Tmut/Erth      #####...     6%          4    ##.....
d - Mephitic Cloud        Conj/Pois/Air  ###.....     9%          3    None

Your spell library contained the following spells:

 Spells                   Type           Power        Failure   Level  Hunger
 Sting                    Conj/Pois      ###.         1%          1    None
 Passwall                 Tmut/Erth      #####...     1%          2    None
 Lee's Rapid Deconstruct  Erth           ######....   2%          5    ####...
 Poisonous Vapours        Pois/Air       ###...       6%          2    None
 Summon Small Mammal      Summ           ##..         7%          1    None
 Call Imp                 Summ           ##......     11%         2    None
 Call Canine Familiar     Summ           ##......     21%         3    None
 Summon Guardian Golem    Hex/Summ       ##......     21%         3    None
 Olgreb's Toxic Radiance  Pois           ###.....     22%         4    ##.....
 Venom Bolt               Conj/Pois      ###.......   50%         5    ####...
 Summon Ice Beast         Ice/Summ       ##......     56%         4    ##.....
 Summon Lightning Spire   Summ/Air       ##......     56%         4    ##.....


Dungeon Overview and Level Annotations

Branches:
Dungeon (8/15)             Temple (1/1) D:6         Ossuary (visited)
   Lair: D:8-11

Altars:
Ashenzari
Cheibriados
Dithmenos
Elyvilon
Fedhas
Gozag
Hepliaklqana
Kikubaaqudgha
Makhleb
Nemelex Xobeh
Okawaru
Qazlal
Ru
Sif Muna
Trog
Uskayaw
Vehumet
Wu Jian
Xom
Yredelemnul
Zin
The Shining One

Shops:
D:6 :   D:8 *


Innate Abilities, Weirdness & Mutations

You cannot wear most types of armour.
You are very stealthy in the water. (Stealth+)
You are amphibious.
You can wear up to eight rings at the same time.
You can use your tentacles to constrict eight enemies at once.
Your skin changes colour to match your surroundings (Stealth+).
Your rubbery body absorbs attacks. (AC +1, EV +1)


Message History

The helpless two-headed ogre fails to defend itself.
You hit the two-headed ogre.
You squeeze the two-headed ogre, but do no damage.
The two-headed ogre is heavily wounded.
The helpless two-headed ogre fails to defend itself.
You puncture the two-headed ogre! You squeeze the two-headed ogre.
The two-headed ogre is heavily wounded.
The helpless two-headed ogre fails to defend itself.
You hit the two-headed ogre. You squeeze the two-headed ogre.
The two-headed ogre is severely wounded.
The helpless two-headed ogre fails to defend itself.
You hit the two-headed ogre.
You squeeze the two-headed ogre, but do no damage.
The two-headed ogre is severely wounded.
The two-headed ogre is no longer petrified.
The two-headed ogre hits you with a +0 giant club!!
Ouch! That really hurt!
* * * LOW HITPOINT WARNING * * *
The two-headed ogre hits you with a +0 giant club!
You die...

#.....#.....#.....##........###
#.....#.....#.....##..........#
#..#..#..#..#..#..#...##...##.##
#..#..#..#..#..#..#...#.....#..#
...#.....#.....#..#......_.....#
...#.....#.....#..#...#.....#..#
################..#...##...##..#
..................#............#
.((.....).......@.#............#
################O.#..........###
...#..OH.#.....#..#...########
...#.....#.....#..#...#
#..#..#..#..#..#..#...#
#.O#..#..#..#..#..#...#
#.....#.....#.....#...# #....
#.....#.....#...#
##################...#


You could see a two-headed ogre.

Vanquished Creatures
  Prince Ribbit (D:6)
  3 hippogriffs (D:8)
  A spriggan (D:7)
  A wyvern (D:8)
  Sigmund (D:2)
  A water moccasin (D:8)
  An ice beast (D:7)
  2 orc warriors
  A sky beast (D:5)
  A black bear (D:6)
  5 ogres
  A phantom (D:6)
  2 centaurs (D:8)
  An elf zombie (Ossuary)
  6 bullfrogs
  2 scorpions
  2 killer bees
  2 howler monkeys
  5 crimson imps
  3 bullfrog zombies
  2 quasits
  A bullfrog skeleton (D:7)
  6 hounds
  4 human zombies (Ossuary)
  4 orc priests
  A jelly (D:7)
  A centaur skeleton (D:7)
  7 worker ants
  Natasha (thrice) (D:3)
  4 iguanas
  10 orc wizards
  4 big kobold zombies (Ossuary)
  A hound skeleton (D:7)
  3 mummies
  3 worker ant zombies
  4 gnolls
  A howler monkey skeleton (D:4)
  8 adders
  3 shadow imps
  An ooze (D:4)
  3 adder zombies
  2 adder skeletons (D:4)
  A worm (D:2)
  2 dart slugs
  4 leopard geckos
  32 orcs
  2 ball pythons
  13 giant cockroaches
  3 goblins
  6 hobgoblins
  8 jackals
  6 quokkas
  9 bats
  8 frilled lizards
  11 hobgoblin zombies (Ossuary)
  A jackal skeleton (D:5)
  2 jackal zombies (Ossuary)
  5 kobolds
  6 kobold zombies (Ossuary)
  A leopard gecko skeleton (D:4)
  7 orc zombies (Ossuary)
  16 rats
  A rat zombie (Ossuary)
262 creatures vanquished.

Notes
Turn   | Place    | Note
-------+----------+-------------------------------------------
     0 | D:1      | Lemonice the Octopode Earth Elementalist began the quest
                  | for the Orb.
     0 | D:1      | Reached XP level 1. HP: 11/11 MP: 3/3
    88 | D:1      | Reached XP level 2. HP: 7/17 MP: 1/5
   541 | D:1      | Reached XP level 3. HP: 10/21 MP: 3/6
  1064 | D:2      | Reached skill level 4 in Earth Magic
  1064 | D:2      | Reached XP level 4. HP: 21/27 MP: 5/8
  1231 | D:2      | You fall into a shaft and drop 1 floor!
  1417 | D:2      | Noticed Sigmund
  1479 | D:2      | Found a faded altar of an unknown god.
  1758 | D:2      | Killed Sigmund
  1758 | D:2      | Reached skill level 5 in Earth Magic
  1758 | D:2      | Reached XP level 5. HP: 29/31 MP: 2/11
  1920 | D:3      | Noticed Natasha
  1925 | D:3      | Killed Natasha
  1925 | D:3      | Reached XP level 6. HP: 36/36 MP: 10/12
  2113 | D:3      | Noticed Natasha
  2117 | D:3      | Killed Natasha
  2235 | D:3      | Found an ornate altar of the Wu Jian Council.
  2237 | D:3      | Noticed Natasha
  2244 | D:3      | Killed Natasha
  2449 | D:3      | Learned a level 3 spell: Stone Arrow
  2471 | D:4      | Found a blossoming altar of Fedhas.
  3408 | D:4      | Reached XP level 7. HP: 39/41 MP: 2/14
  3545 | D:4      | Found a stormy altar of Qazlal.
  3545 | D:4      | Found a hide-covered altar of Uskayaw.
  3550 | D:4      | Found a glowing silver altar of Zin.
  3552 | D:4      | Found a faded altar of an unknown god.
  3554 | D:4      | Found a sparkling altar of Nemelex Xobeh.
  3776 | D:4      | Reached skill level 5 in Spellcasting
  3940 | D:4      | Reached skill level 6 in Earth Magic
  4203 | D:5      | Entered Level 5 of the Dungeon
  4742 | D:5      | Found a sacrificial altar of Ru.
  5139 | D:5      | Reached XP level 8. HP: 46/46 MP: 6/16
  5298 | D:5      | Reached skill level 7 in Earth Magic
  6312 | D:6      | Found a staircase to the Ecumenical Temple.
  6329 | Temple   | Entered the Ecumenical Temple
  6551 | Temple   | Became a worshipper of Sif Muna the Loreminder
  6640 | D:6      | Learned a level 4 spell: Petrify
  6790 | D:6      | Found an ancient bone altar of Kikubaaqudgha.
  7085 | D:6      | Found Egosch's Book Shoppe.
  7271 | D:6      | Noticed Prince Ribbit
  7315 | D:6      | Killed Prince Ribbit
  7315 | D:6      | Reached skill level 8 in Earth Magic
  7334 | D:6      | Reached XP level 9. HP: 19/51 MP: 0/20
  7814 | D:7      | Found a sand-covered staircase.
  7825 | Ossuary  | Entered an ossuary
  7916 | Ossuary  | Reached * piety under Sif Muna
  8328 | Ossuary  | Reached skill level 9 in Earth Magic
  8743 | D:7      | Reached ** piety under Sif Muna
  9455 | D:7      | Reached skill level 10 in Earth Magic
  9755 | D:7      | Reached XP level 10. HP: 56/56 MP: 21/23
 10652 | D:8      | Found an iron altar of Okawaru.
 10943 | D:8      | Learned a level 3 spell: Mephitic Cloud
 11216 | D:8      | Reached skill level 1 in Conjurations
 11216 | D:8      | Reached skill level 1 in Poison Magic
 11375 | D:8      | Noticed a manticore
 11519 | D:8      | Noticed a two-headed ogre
 11965 | D:8      | Found Dohonnezy's Assorted Antiques.
 12173 | D:8      | Noticed a two-headed ogre
 12228 | D:8      | Reached *** piety under Sif Muna
 12910 | D:8      | Slain by a two-headed ogre

Levels and vault maps discovered:
D:1:      scummos_arrival_simple_fountains, layout_basic
D:2:      layout_rooms, chequers_ecumenical_altar_grove, uniq_sigmund
D:3:      layout_rooms, lemuel_round_altar, minmay_puff, uniq_natasha
D:4:      layout_rooms, chequers_temple_overflow_minitemple, first_ration,
          fedhas_altar_1
D:5:      layout_gridville, lemuel_crystal_altar
D:6:      minmay_diamond_boxcup, layout_layer_cave, lemuel_round_altar,
          minmay_temple_entry_stoned_glass, serial_shops, shop,
          uniq_prince_ribbit1
D:7:      layout_loops_cross, gup_ossuary_entry_pyramid, the_bakery,
          minmay_joined_circles
D:8:      kennysheep_windowed_halls, layout_rooms, serial_shops, shop,
          okawaru_gym_becter
Temple:   regret_index_temple_generic_petals

Skill      XL: |  1  2  3  4  5  6  7  8  9 10 |
---------------+-------------------------------+-----
Spellcasting   | 3 4 5 7 9 |  9.6
Earth Magic    | 4 5 6 8 10 | 10.8
Conjurations   | 3 |  3.3
Poison Magic   | 2 |  2.7
Dodging        | |  2.0
Stealth        | |  2.6
Transmutations | |  1.0

Action                   |  1- 3 |  4- 6 |  7- 9 | 10-12 || total
-------------------------+-------+-------+-------+-------++-------
Melee: Unarmed           |    77 |    98 |    91 |       ||   266
       Constrict         |    24 |    24 |    55 |     9 ||   112
       Tentacles         |    10 |    17 |    42 |    15 ||    84
       Dagger            |       |       |   113 |    64 ||   177
 Cast: Sandblast         |    14 |    26 |    77 |    37 ||   154
       Stone Arrow       |       |    14 |   105 |    54 ||   173
       Petrify           |       |       |     7 |    19 ||    26
       Mephitic Cloud    |       |       |       |    10 ||    10
  Use: Potion            |       |       |     1 |       ||     1
       Scroll            |       |       |       |     9 ||     9
 Stab: Sleeping          |     8 |     8 |     6 |     1 ||    23
       Petrified         |       |       |    16 |    37 ||    53
       Confused          |       |       |       |     1 ||     1
       Petrifying        |       |       |       |     1 ||     1
  Eat: Chunk             |       |     9 |    20 |     5 ||    34
       Ration            |       |       |     1 |     2 ||     3
Armor: Skin              |     8 |    11 |     6 |     1 ||    26
Dodge: Dodged            |    59 |    75 |   150 |    43 ||   327
